 Dungeon Crawl Stone Soup version 0.20-a0-830-g2c9a30d (webtiles) character file.

5 4thArraOfDagon the Sneak (level 1, -2/7 HPs)
             Began as a Felid Wanderer on Mar 6, 2017.
             Slain by a leopard gecko (3 damage)
             ... on level 3 of the Dungeon.
             The game lasted 00:01:13 (242 turns).

4thArraOfDagon the Sneak (Felid Wanderer)            Turns: 242, Time: 00:01:14

Health: -2/7       AC:  1    Str:  7    XL:     1   Next: 66%
Magic:  3/3        EV: 15    Int: 15    God:
Gold:   34         SH:  0    Dex: 14    Spells: 2/2 levels left
                                        Lives:  0   Deaths: 0

rFire    . . .     SeeInvis +     - Unarmed
rCold    . . .     Gourm    .   (armour unavailable)
rNeg     . . .     Faith    .   (shield unavailable)
rPois    .         Spirit   .   (helmet unavailable)
rElec    .         Reflect  .   (cloak unavailable)
rCorr    .         Harm     .   (gloves unavailable)
MR       .....                  (boots unavailable)
Stlth    +++.......             (no amulet)
Regen    0.1/turn               (no ring)
MPRegen  0.1/turn               (no ring)

@: quick
A: no armour, no weapons or thrown items, stealth, claws 1, fangs 3, see
invisible, carnivore 3, speed 1, shaggy fur 1, slow metabolism 1, sharp paws
a: no special abilities


You were on level 3 of the Dungeon.
You were not hungry.

You visited 1 branch of the dungeon, and saw 3 of its levels.

You collected 34 gold pieces.

Inventory:

Scrolls
 d - a scroll of identify {unknown}
 e - a scroll of magic mapping {unknown}
Potions
 a - a potion of haste
 b - 2 potions of lignification
 f - a potion of might {unknown}
 g - a potion of heal wounds {unknown}
Comestibles
 c - a meat ration


   Skills:
 - Level 5.3 Stealth
 * Level 1.3 Unarmed Combat
 - Level 1.0 Spellcasting
   Level 2.0 Summonings
   Level 3.0 Translocations
   Level 1.1 Evocations


You had 2 spell levels left.
You didn't know any spells.

Dungeon Overview and Level Annotations

Branches:
Dungeon (3/15)

Altars:
Ashenzari


Innate Abilities, Weirdness & Mutations

You cannot wear armour.
You are incapable of wielding weapons or throwing items.
Your paws allow you to move quietly. (Stealth)
You have sharp claws.
You have razor-sharp teeth.
You have supernaturally acute eyesight. (SInv)
You are carnivorous and can eat meat at any time.
You cover ground quickly.
You are covered in fur. (AC +1)
You have a slow metabolism.
Your sharp claws are effective at attacking unaware monsters.


Message History

Found 11 gold pieces.
A leopard gecko comes into view.
Unknown command.
Unknown command.
Unknown command.
Unknown command.
The leopard gecko closely misses you.
Found a stone staircase leading down.
Unknown command.
You completely miss the leopard gecko. The leopard gecko misses you.
You miss the leopard gecko. The leopard gecko bites you.
You scratch the leopard gecko.
The leopard gecko is almost dead.
The leopard gecko misses you. The leopard gecko bites you.
Ouch! That really hurt!
* * * LOW HITPOINT WARNING * * *
You barely miss the leopard gecko.
The leopard gecko is almost dead.
The leopard gecko bites you.
You die...

#...........#
.###...#####
#.......#
..####..####.#
##........##.# .
≈##.......##.####....
.≈##......#.........h
P.≈#......########...
..≈#......@.#
.P.+$.....l....>.#
..≈#......#......#
P.≈#...######.####
≈##... ... ##.... ###
....


You could see a leopard gecko.

Vanquished Creatures
  A bat (D:3)
  3 goblins
  A rat (D:2)
5 creatures vanquished.

Notes
Turn   | Place    | Note
-------+----------+-------------------------------------------
     0 | D:1      | 4thArraOfDagon the Felid Wanderer began the quest for the Orb.
     0 | D:1      | 4thArraOfDagon set off with: a potion of haste, 2 potions of lignification, a meat ration
     0 | D:1      | Reached XP level 1. HP: 7/7 MP: 3/3
    42 | D:2      | Found a shattered altar of Ashenzari.
   119 | D:2      | Reached skill level 1 in Unarmed Combat
   242 | D:3      | Slain by a leopard gecko

Vault maps used:
D:1:      sevenhm_arrival_forest_fort_small_6
D:2:      ashenzari_altar_1, serial_glass, glass_columns_b, glass_columns_a,
          glass_columns_a, glass_columns_b, glass_columns_b,
          kennysheep_generic_room_12
D:3:      chequers_ecumenical_altar_twisty, hangedman_glass_garden

Skill      XL: |  1 |
---------------+----+-----
Unarmed Combat | 1 |  1.3
Stealth        | |  5.3
Spellcasting   | |  1.0
Summonings     | |  2.0
Translocations | |  3.0
Evocations     | |  1.1

Action                   || total
-------------------------++-------
Melee: Unarmed           ||    18
       Bite              ||     2
 Stab: Sleeping          ||     1
  Eat: Chunk             ||     1
Armor: Skin              ||     1
Dodge: Dodged            ||    17
